[Event "LEM Sachsen-Anhalt Women Masters 2024"]
[Site "Merseburg"]
[Date "2024.02.08"]
[Round "1.1"]
[White "Voigt, Anastasia"]
[Black "Roessling, Laura Marie"]
[Result "1-0"]
[ECO "C54"]
[WhiteElo "1880"]
[BlackElo "1232"]
[Annotator "NA RC"]
[PlyCount "53"]
[EventDate "2024.02.01"]
[EventType "tourn"]
[EventCountry "GER"]
[SourceTitle "playchess.com"]
[Source "ChessBase"]
[SourceQuality "1"]
[TimeControl "40/5400+30:1800+30"]

1. e4 e5 2. Nf3 Nc6 3. Bc4 Bc5 4. c3 Nf6 5. d3 h6 6. O-O d6 7. Nbd2 O-O 8. h3 Be6 9. Re1 Qd7 10. Bb3 Bxh3 11. gxh3 Qxh3 12. d4 exd4 13. Nxd4 Nxd4 14. cxd4 Bxd4 15. Qf3 Qh4 16. Nf1 Ng4 17. Re2 Bxf2+ 18. Rxf2 Nxf2 19. Qxf2 Qxe4 20. Ng3 Qg4 21. Be3 Kh8 22. Rf1 Qg6 23. Qg2 a6 24. Bc2 Qe6 25. Bd4 f6 26. Nh5 Qe7 27. Qg6 1-0

[Event "LEM Sachsen-Anhalt Women Masters 2024"]
[Site "Merseburg"]
[Date "2024.02.08"]
[Round "1.2"]
[White "Eue, Vicky"]
[Black "Safonova, Valeria"]
[Result "1-0"]
[ECO "B50"]
[WhiteElo "1685"]
[BlackElo "1761"]
[Annotator "NA RC"]
[PlyCount "81"]
[EventDate "2024.02.01"]
[EventType "tourn"]
[EventCountry "GER"]
[SourceTitle "playchess.com"]
[Source "ChessBase"]
[SourceQuality "1"]
[TimeControl "40/5400+30:1800+30"]

1. e4 c5 2. Nf3 d6 3. c3 Nf6 4. h3 e6 5. Bd3 Be7 6. Bc2 Nc6 7. d4 cxd4 8. Nxd4 Bd7 9. Be3 Nxd4 10. Qxd4 e5 11. Qd3 Bc6 12. f3 Nh5 13. O-O Bg5 14. Na3 Bxe3+ 15. Qxe3 Nf4 16. Kh2 Qf6 17. g3 Ng6 18. Rad1 O-O 19. h4 Ne7 20. f4 d5 21. exd5 Nxd5 22. Qe4 g6 23. fxe5 Qe7 24. Qe2 Rae8 25. Rfe1 Nxc3 26. bxc3 Qxa3 27. Bb3 Qe7 28. h5 Qg5 29. e6 fxe6 30. Bxe6+ Kg7 31. Qe5+ Qxe5 32. Rxe5 Rf2+ 33. Kh3 Kf6 34. Rde1 Bg2+ 35. Kh4 Bf3 36. g4 Bd5 37. g5+ Kg7 38. h6+ Kf8 39. Bxd5 Rc8 40. c4 Rxa2 41. Rf1+ 1-0

[Event "LEM Sachsen-Anhalt Women Masters 2024"]
[Site "Merseburg"]
[Date "2024.02.09"]
[Round "2.1"]
[White "Roessling, Laura Marie"]
[Black "Safonova, Valeria"]
[Result "1-0"]
[ECO "B90"]
[WhiteElo "1232"]
[BlackElo "1761"]
[Annotator "NA RC"]
[PlyCount "65"]
[EventDate "2024.02.01"]
[EventType "tourn"]
[EventCountry "GER"]
[SourceTitle "playchess.com"]
[Source "ChessBase"]
[SourceQuality "1"]
[TimeControl "40/5400+30:1800+30"]

1. e4 c5 2. Nf3 d6 3. d4 cxd4 4. Nxd4 Nf6 5. Nc3 a6 6. Qf3 Qc7 7. Be3 b5 8. a3 e6 9. Bd3 Bb7 10. O-O Nbd7 11. Nb3 Ne5 12. Qe2 Nc4 13. Bxc4 bxc4 14. Nd2 Rc8 15. f4 Be7 16. f5 exf5 17. Rxf5 O-O 18. Raf1 Ba8 19. Rxf6 Bxf6 20. Rxf6 Qe7 21. Bd4 d5 22. Qg4 g6 23. Qg5 Rfe8 24. Qh6 dxe4 25. Rxa6 Qf8 26. Qg5 Qe7 27. Qh6 Qf8 28. Qf4 f5 29. Rf6 Qe7 30. Qg5 Rc6 31. Nd5 Qd8 32. Qh6 Qxd5 33. Rf8+ 1-0

[Event "LEM Sachsen-Anhalt Women Masters 2024"]
[Site "Merseburg"]
[Date "2024.02.09"]
[Round "2.2"]
[White "Voigt, Anastasia"]
[Black "Eue, Vicky"]
[Result "1-0"]
[ECO "B01"]
[WhiteElo "1880"]
[BlackElo "1685"]
[Annotator "NA RC"]
[PlyCount "81"]
[EventDate "2024.02.01"]
[EventType "tourn"]
[EventCountry "GER"]
[SourceTitle "playchess.com"]
[Source "ChessBase"]
[SourceQuality "1"]
[TimeControl "40/5400+30:1800+30"]

1. e4 d5 2. exd5 Qxd5 3. Nc3 Qd6 4. d4 Nf6 5. Nf3 a6 6. Bd3 {[%emt 0:00:00] B01: Scandinavian Defence.} Nc6 7. O-O Bg4 8. Ne4 Nxe4 9. Bxe4 f5 10. Bxc6+ $16 Qxc6 11. c3 ({Better is} 11. d5 $14 Qf6 12. Re1) 11... Bxf3 12. Qxf3 Qxf3 13. gxf3 O-O-O 14. Re1 h6 15. Re5 g6 16. Bd2 Rd6 17. Rae1 Kd7 18. d5 b5 19. b3 c5 20. c4 Rh7 21. R5e2 g5 {[%emt 0:00:39] [#]} 22. Be3 $1 Rf7 23. Bxc5 Rg6 24. Re6 Rff6 25. R6e5 Rf7 26. R1e2 g4 27. f4 h5 28. Kf1 h4 29. R2e3 Rh6 30. Rd3 Bg7 31. Re1 Rg6 32. Bd4 Bh6 33. Be5 Bg7 34. c5 g3 35. fxg3 hxg3 36. Rxg3 Rxg3 37. hxg3 Bf8 38. b4 Rh7 39. Kg2 Bg7 40. Bxg7 Rxg7 41. Re6 1-0

[Event "LEM Sachsen-Anhalt Women Masters 2024"]
[Site "Merseburg"]
[Date "2024.02.09"]
[Round "3.1"]
[White "Eue, Vicky"]
[Black "Roessling, Laura Marie"]
[Result "1-0"]
[ECO "C78"]
[WhiteElo "1685"]
[BlackElo "1232"]
[Annotator "NA RC"]
[PlyCount "63"]
[EventDate "2024.02.01"]
[EventType "tourn"]
[EventCountry "GER"]
[SourceTitle "playchess.com"]
[Source "ChessBase"]
[SourceQuality "1"]
[TimeControl "40/5400+30:1800+30"]

1. e4 e5 2. Nf3 Nc6 3. Bb5 a6 4. Ba4 Nf6 5. O-O b5 6. Bb3 Nxe4 7. Re1 Nc5 8. Nxe5 Nxe5 9. Rxe5+ Be7 10. Qe2 Ne6 11. Nc3 O-O 12. Qe4 Rb8 13. Bxe6 fxe6 14. d4 Rf6 15. Bg5 Rg6 16. Bxe7 Qxe7 17. Rd1 Qf7 18. Rd3 d6 19. Rf3 Qxf3 20. Qxf3 dxe5 21. Qc6 Kf8 22. Qxc7 Ra8 23. Ne4 Bd7 24. Qxd7 exd4 25. Nd6 Rf6 26. g4 h6 27. h4 b4 28. Kg2 Kg8 29. g5 hxg5 30. Ne8 Rf7 31. Qxe6 gxh4 32. Nd6 1-0

[Event "LEM Sachsen-Anhalt Women Masters 2024"]
[Site "Merseburg"]
[Date "2024.02.09"]
[Round "3.2"]
[White "Safonova, Valeria"]
[Black "Voigt, Anastasia"]
[Result "0-1"]
[ECO "C77"]
[WhiteElo "1761"]
[BlackElo "1880"]
[Annotator "NA RC"]
[PlyCount "116"]
[EventDate "2024.02.01"]
[EventType "tourn"]
[EventCountry "GER"]
[SourceTitle "playchess.com"]
[Source "ChessBase"]
[SourceQuality "1"]
[TimeControl "40/5400+30:1800+30"]

1. e4 e5 2. Nf3 Nc6 3. Bb5 a6 4. Ba4 Nf6 5. d3 d6 6. c3 g6 7. O-O Bg7 8. h3 O-O 9. Be3 b5 10. Bc2 Bb7 11. Qc1 Re8 12. Bh6 Bh8 13. Nbd2 Nh5 14. a4 $14 Nf4 15. Re1 b4 16. Nf1 a5 17. Bxf4 exf4 18. d4 Qf6 19. Bb3 Bg7 20. Bd5 Rab8 21. N1d2 Nd8 22. Bxb7 Rxb7 23. e5 dxe5 24. Nxe5 Qf5 25. Ndc4 Bxe5 26. Nxe5 Ne6 27. Ng4 Kg7 28. Re5 Qd3 29. d5 h5 30. Nh2 bxc3 31. bxc3 Reb8 32. Re1 Qxd5 33. c4 Qd4 34. Nf3 Qb2 35. Ne5 Qxc1 36. Raxc1 c5 37. Nc6 Ra8 38. Rb1 Rc7 39. Ne5 Raa7 40. Rb6 Nd4 41. Nd3 f3 42. Re5 Ne2+ 43. Kh2 Nc3 44. Nxc5 Rxc5 45. Rxc5 Nxa4 46. Rcb5 Nxb6 47. Rxb6 a4 48. c5 a3 49. Rb1 a2 50. Ra1 Kf6 51. c6 Ke7 52. c7 Kd7 53. c8=Q+ Kxc8 54. gxf3 Kb7 55. Kg2 Kb6 56. Kf1 Kb5 57. Ke2 Kb4 58. Kd2 Kb3 0-1

[Event "LEM Sachsen-Anhalt Women Masters 2024"]
[Site "Merseburg"]
[Date "2024.02.10"]
[Round "4.1"]
[White "Roessling, Laura Marie"]
[Black "Voigt, Anastasia"]
[Result "0-1"]
[ECO "C54"]
[WhiteElo "1232"]
[BlackElo "1880"]
[Annotator "NA RC"]
[PlyCount "120"]
[EventDate "2024.02.01"]
[EventType "tourn"]
[EventCountry "GER"]
[SourceTitle "playchess.com"]
[Source "ChessBase"]
[SourceQuality "1"]
[TimeControl "40/5400+30:1800+30"]

1. e4 e5 2. Nf3 Nc6 3. Bc4 Bc5 4. c3 Nf6 5. d4 exd4 6. e5 d5 $1 7. Bb5 Ne4 8. cxd4 Bb6 9. Nc3 O-O 10. Be3 Bg4 11. h3 Bh5 12. Qc2 Nxc3 13. bxc3 f6 14. Be2 {[%emt 0:14:04] [#]} (14. exf6 $11 {keeps the balance.} Qxf6 15. Be2) 14... Bxf3 $1 15. Bxf3 $17 fxe5 16. Qb3 exd4 17. cxd4 Kh8 18. O-O Bxd4 19. Rad1 Bxe3 20. fxe3 Na5 21. Qc3 c6 22. Kh1 Nc4 23. Be2 Nd6 24. Bd3 Qe7 25. Bc2 Kg8 26. Rf4 Rxf4 27. exf4 Re8 28. Rf1 Qe2 29. Rd1 Nc4 30. Bb3 Ne3 31. Rg1 Nf5 32. Bc2 Nd6 33. Qb3 Qe3 34. Qb4 Qe7 35. Qd4 a6 36. Rf1 Qe3 37. Qa1 Nc4 38. f5 Qe5 39. Qc1 Ne3 40. Re1 Qg3 41. Re2 Re5 42. Bd3 Nxf5 43. Rxe5 Qxe5 44. Qb1 Ng3+ 45. Kg1 g6 46. Bc2 b5 47. Bd3 c5 48. a4 c4 49. Bxg6 hxg6 50. Qxg6+ Qg7 51. Qe6+ Kh7 52. Qxd5 Qa1+ 53. Kf2 Nh1+ 54. Kf3 Qf1+ 55. Kg4 Qe2+ 56. Kg5 Qe7+ 57. Kf4 Qh4+ 58. Ke5 Qg5+ 59. Kd6 Qxd5+ 60. Kxd5 c3 0-1

[Event "LEM Sachsen-Anhalt Women Masters 2024"]
[Site "Merseburg"]
[Date "2024.02.10"]
[Round "4.2"]
[White "Safonova, Valeria"]
[Black "Eue, Vicky"]
[Result "1-0"]
[ECO "A45"]
[WhiteElo "1761"]
[BlackElo "1685"]
[Annotator "NA RC"]
[PlyCount "59"]
[EventDate "2024.02.01"]
[EventType "tourn"]
[EventCountry "GER"]
[SourceTitle "playchess.com"]
[Source "ChessBase"]
[SourceQuality "1"]
[TimeControl "40/5400+30:1800+30"]

1. d4 Nf6 2. Bg5 e6 3. e4 Be7 4. e5 Nd5 5. Bxe7 Qxe7 6. c4 Nb6 7. Nd2 d6 8. f4 dxe5 9. dxe5 Nc6 10. Ngf3 Bd7 11. Bd3 Nb4 12. Be4 Bc6 13. Qe2 Rd8 14. Bxc6+ bxc6 15. O-O Nd3 16. b3 Qc5+ 17. Kh1 Nxf4 18. Qe4 Nd3 19. Qe2 Nc8 20. Ne4 Nf4 21. Qc2 Qe3 22. Rae1 Qd3 23. Qf2 O-O 24. Re3 Qd7 25. Qg3 Nh5 26. Nf6+ Nxf6 27. exf6 g6 28. Qg5 Nd6 29. Ne5 Qe8 30. g4 1-0

[Event "LEM Sachsen-Anhalt Women Masters 2024"]
[Site "Merseburg"]
[Date "2024.02.10"]
[Round "5.1"]
[White "Safonova, Valeria"]
[Black "Roessling, Laura Marie"]
[Result "1-0"]
[ECO "C77"]
[WhiteElo "1761"]
[BlackElo "1232"]
[Annotator "NA RC"]
[PlyCount "99"]
[EventDate "2024.02.01"]
[EventType "tourn"]
[EventCountry "GER"]
[SourceTitle "playchess.com"]
[Source "ChessBase"]
[SourceQuality "1"]
[TimeControl "40/5400+30:1800+30"]

1. e4 e5 2. Nf3 Nc6 3. Bb5 a6 4. Ba4 Nf6 5. d3 d6 6. c3 g6 7. O-O Bg7 8. h3 O-O 9. Be3 b5 10. Bc2 Bb7 11. a4 Qd7 12. Qc1 Rfe8 13. Bh6 Rad8 14. Re1 d5 15. Bxg7 Kxg7 16. Nbd2 Qd6 17. axb5 axb5 18. Nb3 d4 19. Na5 Nxa5 20. Rxa5 Qb6 21. Ra1 c5 22. cxd4 exd4 23. b3 Nd7 24. Qf4 f6 25. Nh2 Ne5 26. Ng4 Nxg4 27. Qxg4 Re5 28. f4 Rh5 29. Qg3 Re8 30. Bd1 Rh6 31. Bf3 Bc8 32. Ra8 Qc7 33. Rea1 Kf8 34. R8a7 Qb8 35. e5 g5 36. Bd5 Re7 37. Ra8 Qc7 38. R1a7 Qd8 39. Bb7 Rc7 40. Ba6 Rxa7 41. Rxc8 Qxc8 42. Bxc8 fxe5 43. Qxg5 Rg6 44. Qxe5 Ra2 45. Qxc5+ Kf7 46. Bb7 Rf6 47. Qxd4 Ra3 48. Qd5+ Kg7 49. Qxb5 Rxf4 50. Qg5+ 1-0

[Event "LEM Sachsen-Anhalt Women Masters 2024"]
[Site "Merseburg"]
[Date "2024.02.10"]
[Round "5.2"]
[White "Eue, Vicky"]
[Black "Voigt, Anastasia"]
[Result "0-1"]
[ECO "C90"]
[WhiteElo "1685"]
[BlackElo "1880"]
[Annotator "NA RC"]
[PlyCount "114"]
[EventDate "2024.02.01"]
[EventType "tourn"]
[EventCountry "GER"]
[SourceTitle "playchess.com"]
[Source "ChessBase"]
[SourceQuality "1"]
[TimeControl "40/5400+30:1800+30"]

1. e4 e5 2. Nf3 Nc6 3. Bb5 a6 4. Ba4 Nf6 5. O-O Be7 6. Re1 b5 7. Bb3 d6 8. h3 Na5 9. c3 Nxb3 10. axb3 Bb7 11. d3 O-O 12. Nbd2 Re8 13. Nf1 Bf8 14. Bg5 h6 15. Bh4 Re6 16. Ne3 Qb8 17. Bxf6 Rxf6 18. Ng4 Re6 19. c4 Qd8 20. g3 g6 21. Qc2 Bg7 22. Rec1 c6 23. Qd2 Qf8 24. cxb5 axb5 25. Rxa8 Bxa8 26. Ne3 Bb7 27. g4 Re8 28. Kg2 Ra8 29. Nd1 Ra6 30. h4 Qc8 31. Nh2 Qe6 32. b4 Bc8 33. Nc3 h5 34. f3 Kh7 35. Qc2 Bd7 36. Rf1 Bh6 37. g5 Bf8 38. f4 exf4 39. Rxf4 Kg8 40. Rf3 Bg7 41. Ne2 Ra4 42. Nf4 Qa2 43. d4 Rxb4 44. Nd3 Rxd4 45. Qe2 Qe6 46. Nf2 Rb4 47. b3 Rxb3 48. Rxb3 Qxb3 49. Qd2 Be5 50. Nf3 Qc3 51. Qa2 Qa1 52. Qd2 c5 53. Nd3 Qc3 54. Qd1 Bg4 55. Ndxe5 dxe5 56. Qd8+ Kh7 57. Qf6 Qxf3+ 0-1

[Event "LEM Sachsen-Anhalt Women Masters 2024"]
[Site "Merseburg"]
[Date "2024.02.11"]
[Round "6.1"]
[White "Roessling, Laura Marie"]
[Black "Eue, Vicky"]
[Result "0-1"]
[ECO "B01"]
[WhiteElo "1232"]
[BlackElo "1685"]
[Annotator "NA RC"]
[PlyCount "82"]
[EventDate "2024.02.01"]
[EventType "tourn"]
[EventCountry "GER"]
[SourceTitle "playchess.com"]
[Source "ChessBase"]
[SourceQuality "1"]
[TimeControl "40/5400+30:1800+30"]

1. e4 d5 2. exd5 Qxd5 3. Nc3 Qa5 4. d4 Nf6 5. Bc4 c6 6. Nf3 Bg4 7. O-O e6 8. Qd3 Bd6 9. Ne4 Nxe4 10. Qxe4 Bf5 11. Qe2 Nd7 12. c3 O-O 13. Nh4 Bg6 14. Nxg6 hxg6 15. Bxe6 Rfe8 16. Bxf7+ Kxf7 17. Qc2 Qh5 18. h3 b5 19. f4 Re2 20. Bd2 Qd5 21. Rf2 Rae8 22. Raf1 Nf6 23. a3 Bxf4 24. Qd3 Rxd2 25. Rxd2 Bxd2 26. Qxd2 Qe4 27. Qd1 Kg8 28. Qb3+ Qd5 29. Qc2 Qe4 30. Qb3+ Nd5 31. Kh1 Kh7 32. c4 Ne3 33. Rg1 bxc4 34. Qa4 Rb8 35. Qa5 Rxb2 36. Qg5 Nf5 37. Qc1 Rb3 38. Kh2 Qxd4 39. Qg5 Rg3 40. Qc1 Qe5 41. Kh1 Rc3 0-1

[Event "LEM Sachsen-Anhalt Women Masters 2024"]
[Site "Merseburg"]
[Date "2024.02.11"]
[Round "6.2"]
[White "Voigt, Anastasia"]
[Black "Safonova, Valeria"]
[Result "1-0"]
[ECO "B90"]
[WhiteElo "1880"]
[BlackElo "1761"]
[Annotator "NA RC"]
[PlyCount "131"]
[EventDate "2024.02.01"]
[EventType "tourn"]
[EventCountry "GER"]
[SourceTitle "playchess.com"]
[Source "ChessBase"]
[SourceQuality "1"]
[TimeControl "40/5400+30:1800+30"]

1. e4 c5 2. Nf3 d6 3. d4 cxd4 4. Nxd4 Nf6 5. Nc3 a6 6. Be3 e5 7. Nf3 Be7 8. Bc4 O-O 9. O-O Be6 10. Bb3 b5 11. Qd3 Ng4 12. Bc1 Nd7 13. h3 Nc5 14. Qe2 Nf6 15. Rd1 Qc7 16. Nd5 Nxd5 17. Bxd5 Rac8 18. c3 Bxd5 19. exd5 Na4 20. Ne1 Nb6 21. Nc2 Qb7 22. Nb4 f5 23. Be3 Nd7 24. f4 a5 25. Nc6 Bd8 26. a4 bxa4 27. Rxa4 Nb6 28. Bxb6 Bxb6+ 29. Kh1 e4 30. Qb5 Rf7 31. Nxa5 Bxa5 32. Rxa5 Qc7 33. Ra6 Rb8 34. Qc6 Qb7 35. b4 Rd8 36. Qxb7 Rxb7 37. Kg1 Kf7 38. Kf2 Rc7 39. Rc6 Ra7 40. Rd2 Ke7 41. Rc4 Rb8 42. Rb2 Rb5 43. Rd4 Rab7 44. Ke3 Kf6 45. Rdd2 h6 46. g4 g6 47. Kd4 Rb8 48. Ra2 R5b6 49. Ra7 Re8 50. Re2 Re7 51. Rxe7 Kxe7 52. Ra2 Rb7 53. Ra8 Kf6 54. Re8 Kf7 55. Re6 Rd7 56. gxf5 gxf5 57. Rxh6 Kg7 58. Re6 Kf7 59. h4 Rd8 60. h5 Kg7 61. h6+ Kh7 62. Rf6 Re8 63. Re6 Rg8 64. Rxd6 Rg1 65. Re6 Rf1 66. Ke5 1-0